 Dungeon Crawl Stone Soup version 0.24-a0-235-g3f03afc (webtiles) character file.

Game seed: 16313139306105975018

212 xeno23 the Sneak (level 5, 0/36 HPs)
             Began as an Octopode Assassin on Apr 8, 2019.
             Succumbed to a killer bee's poison
             ... on level 3 of the Dungeon.
             The game lasted 00:09:29 (2744 turns).

xeno23 the Sneak (Octopode Assassin)                Turns: 2744, Time: 00:09:30

Health: 0/36       AC:  1    Str: 15    XL:     5   Next: 89%
Magic:  5/5        EV: 18    Int: 19    God:
Gold:   153        SH:  0    Dex: 19    Spells: 4/4 levels left

rFire    . . .     SeeInvis .   b - +0 blowgun
rCold    . . .     Gourm    .   (no shield)
rNeg     . . .     Faith    .   (helmet restricted)
rPois    .         Spirit   .   (no amulet)
rElec    .         Reflect  .   (no ring)
rCorr    .         Harm     .   (no ring)
MR       .....                  (no ring)
Stlth    ++++++....             (no ring)
HPRegen  0.12/turn              (no ring)
MPRegen  0.09/turn              (no ring)
                                (no ring)
                                (no ring)

@: mighty, brilliant, agile, lethally poisoned (0 -> -4), very slightly
contaminated, hasted, very quick
A: almost no armour, stealthy swim, amphibious, 8 rings, constrict 8, camouflage
1, gelatinous body 1
a: no special abilities


You were on level 3 of the Dungeon.
You were hungry.

You visited 1 branch of the dungeon, and saw 3 of its levels.

You collected 153 gold pieces.

Inventory:

Hand Weapons
 a - a +2 dagger
 b - a +0 blowgun (weapon)
Missiles
 d - 8 curare-tipped needles (quivered)
Scrolls
 e - a scroll of identify {unknown}
 g - 2 scrolls of blinking
 h - 2 scrolls of teleportation {unknown}
 l - a scroll of remove curse
 m - a scroll of fog {unknown}
 n - 3 scrolls of magic mapping
 o - 2 scrolls of immolation
Comestibles
 f - 9 rations


   Skills:
 + Level 3.3 Fighting
 * Level 4.4 Short Blades
 - Level 2.0 Throwing
 - Level 1.0 Dodging
 + Level 6.7 Stealth


You had 4 spell levels left.
You didn't know any spells.
Your spell library was empty.

Dungeon Overview and Level Annotations

Branches:
Dungeon (3/15)

Altars:
Nemelex Xobeh


Innate Abilities, Weirdness & Mutations

You cannot wear most types of armour.
You are very stealthy in the water. (Stealth+)
You are amphibious.
You can wear up to eight rings at the same time.
You can use your tentacles to constrict eight enemies at once.
Your skin changes colour to match your surroundings (Stealth+).
Your rubbery body absorbs attacks. (AC +1, EV +1)


Message History

It was a potion of brilliance.
You feel clever all of a sudden.
You aren't carrying any potions.
Unknown command.
You aren't carrying any potions.
Drop what? 11/52 slots (_ for help) (? for menu, Esc to quit)
Okay, then.
Unknown command.
* * * LOW HITPOINT WARNING * * *
You feel sick.
You take 1 damage.
* * * LOW HITPOINT WARNING * * *
You feel sick.
You take 1 damage.
* * * LOW HITPOINT WARNING * * *
You feel sick.
You take 1 damage.
As you read the scroll labeled HOREMN MYABIU, it crumbles to dust.
You feel blessed for a moment.
It was a scroll of remove curse.
You die...

#.####...........>........
########.####.....##........#*,,,
.........#........(...#...#<#,,,,
########.#.##.....#####.#.#.#,,,,
..)......#.###.#(.......#.#.#,***
.#######.#.# #.#(...#######.#,*
.#.....#.#.# #.#..<.........#,*
.#.#...#.#.# #.#.############,*
.#.#.###.#.# #.#@........* *,*
.#.......#.# #.#########.****,*
.#########.###.# *,,,,,,*
..)............# ********
##########.##### ...........#
.########### .# ##


There were no monsters in sight!

Vanquished Creatures
  A killer bee (D:3)
  A hound (D:3)
  3 gnolls (D:3)
  3 adders (D:3)
  3 oozes
  2 worms
  4 dart slugs
  3 leopard geckos (D:3)
  An orc (D:3)
  6 bats
  3 giant cockroaches
  4 goblins (D:3)
  8 hobgoblins
  2 jackals (D:1)
  A quokka (D:3)
  A ball python (D:3)
  4 frilled lizards
  5 kobolds
  3 rats (D:3)
58 creatures vanquished.

Notes
Turn   | Place    | Note
-------+----------+-------------------------------------------
     0 | D:1      | xeno23 the Octopode Assassin began the quest for the Orb.
     0 | D:1      | Reached XP level 1. HP: 14/14 MP: 1/1
   106 | D:1      | Reached XP level 2. HP: 19/19 MP: 2/2
   206 | D:1      | Found a sparkling altar of Nemelex Xobeh.
   814 | D:2      | Reached XP level 3. HP: 11/25 MP: 3/3
  1408 | D:3      | Noticed a killer bee
  1473 | D:3      | Noticed a bullfrog
  1482 | D:3      | Reached skill level 6 in Stealth
  1482 | D:3      | Reached XP level 4. HP: 30/30 MP: 4/4
  2132 | D:3      | Reached XP level 5. HP: 20/36 MP: 5/5
  2741 | D:3      | HP: 1/36 [poisoned by a killer bee]
  2744 | D:3      | Succumbed to a killer bee's poison

Levels and vault maps discovered:
D:1:      saegor_arrival_simple_e, layout_basic, nemelex_altar_shiori
D:2:      layout_rooms, serial_bayou_ford_a, serial_park_tiny_1
D:3:      layout_basic, first_ration, minmay_joined_circles

Skill      XL: |  1  2  3  4  5 |
---------------+----------------+-----
Short Blades   | 3 4 |  4.4
Stealth        | 6 |  6.7
Fighting       | 3 |  3.3
Throwing       | |  2.0
Dodging        | |  1.0

Action                   |  1- 3 |  4- 6 || total
-------------------------+-------+-------++-------
Melee: Dagger            |    59 |    50 ||   109
       Constrict         |    14 |     8 ||    22
       Tentacles         |    13 |     6 ||    19
 Fire: Blowgun           |       |    17 ||    17
  Use: Scroll            |       |     4 ||     4
       Potion            |       |     4 ||     4
 Stab: Sleeping          |    12 |     5 ||    17
       Distracted        |       |     1 ||     1
  Eat: Chunk             |     2 |     3 ||     5
Armor: Skin              |     2 |     1 ||     3
Dodge: Dodged            |    21 |    23 ||    44

Table legend:
 A = Non-vault XP
 B = Vault XP
 C = Vault XP percentage of total XP
 D = Non-vault monster count
 E = Vault monster count
 F = Vault count percentage of total count
                 A         B        C        D         E       F
            +---------+---------+-------+---------+---------+-------
      Total |     207 |      96 |  31.7 |      50 |       8 |  13.8
            +---------+---------+-------+---------+---------+-------
        D:1 |      26 |       0 |   0.0 |      13 |       0 |   0.0
        D:2 |      29 |       0 |   0.0 |      12 |       0 |   0.0
        D:3 |     152 |      96 |  38.7 |      25 |       8 |  24.2
            +---------+---------+-------+---------+---------+-------
